 Dungeon Crawl Stone Soup version 0.30-a0-365-ge7f957f1db (webtiles) character file.

Game seed: 15579285401667784817

250 MachoJfn the Poker (level 5, 0/42 HPs)
             Began as a Demonspawn Berserker on Nov 17, 2022.
             Was a Believer of Trog.
             Slain by Pargi (2 damage)
             ... in a sewer.
             The game lasted 00:25:24 (5118 turns).

MachoJfn the Poker (Demonspawn Berserker)           Turns: 5118, Time: 00:25:24

Health: 0/42       AC:  6    Str: 19    XL:     5   Next: 88%
Magic:  5/5        EV: 13    Int:  8    God:    Trog [**....]
Gold:   236        SH:  0    Dex: 13    Spells: 4/4 levels left

rFire   + . .      SeeInvis .    a - +0 spear
rCold   + . .      Faith    .    (no shield)
rNeg    . . .      Spirit   .    b - +1 animal skin
rPois   +          Reflect  .    d - +1 helmet
rElec   +          Harm     .    m - +0 cloak
rCorr   +          Rampage  .    (no gloves)
Will    .....                    (no boots)
Stlth   ++........               (no amulet)
HPRegen 0.27/turn                f - ring of resist corrosion
MPRegen 0.09/turn                (no ring)

@: resistant, flying
A: ignite blood 2, powered by pain 1
a: Renounce Religion, Berserk, Trog's Hand


You were in a sewer.
You worshipped Trog.
Trog was pleased with you.
You visited 1 branch of the dungeon, and saw 4 of its levels.
You also visited: Sewer.

You collected 236 gold pieces.

Inventory:

Hand Weapons
 a - a +0 spear (weapon)
Armour
 b - a +1 animal skin (worn)
 d - a +1 helmet (worn)
 m - a +0 cloak (worn)
Jewellery
 f - a ring of resist corrosion (left hand)
Scrolls
 c - a scroll of teleportation
 h - 2 scrolls of poison
 j - a scroll of vulnerability {unknown}
 k - 2 scrolls of fear
Potions
 i - 2 potions of haste


   Skills:
 + Level 4.1 Fighting
 + Level 4.1 Polearms
 + Level 1.8 Armour
 + Level 3.2 Dodging
 + Level 2.0 Stealth


You had 4 spell levels left.
You didn't know any spells.
Your spell library contained the following spells:

 Spells                   Type           Power      Damage    Failure   Level
 Apportation              Tloc           0%         N/A       41%         1
 Necrotise                Necr           0%         1d4       41%         1
 Sting                    Tmut/Pois      0%         1d3       41%         1
 Summon Small Mammal      Summ           0%         N/A       41%         1
 Poisonous Vapours        Pois/Air       0%         N/A       54%         2
 Call Canine Familiar     Summ           0%         N/A       78%         3
 Dazzling Flash           Conj/Hex       0%         N/A       78%         3
 Summon Guardian Golem    Hex/Summ       0%         N/A       78%         3
 Iskenderun's Mystic Bla  Conj/Tloc      0%         2d3       99%         4
 Olgreb's Toxic Radiance  Pois           0%         N/A       99%         4
 Starburst                Conj/Fire      0%         6d3       100%        6


Dungeon Overview and Level Annotations

Branches:
Dungeon (4/15)              Sewer (1/1)
 Temple: D:4-7

Altars:

Annotations:
D:4 Eustachio Sewer Pargi


Innate Abilities, Weirdness & Mutations

Your demonic aura often causes spilled blood to erupt in flames.
You sometimes gain a little power by taking damage.


Message History

Pargi is severely wounded.
Pargi bites you but does no damage. Pargi claws you but does no damage. x2
You completely miss Pargi.
Pargi is severely wounded.
Pargi bites you.
* * * LOW HITPOINT WARNING * * *
Pargi claws you but does no damage. x2
You closely miss Pargi.
Pargi is heavily wounded.
Pargi bites you but does no damage. Pargi claws you but does no damage. x2
You completely miss Pargi.
Pargi is heavily wounded.
You hit Pargi.
Pargi is severely wounded.
Pargi bites you.
* * * LOW HITPOINT WARNING * * *
Pargi claws you but does no damage. x2
You closely miss Pargi.
Pargi is severely wounded.
Pargi bites you but does no damage. Pargi claws you but does no damage. x2
You barely miss Pargi.
Pargi is heavily wounded.
Pargi bites you but does no damage. Pargi claws you but does no damage.
Pargi claws you.
* * * LOW HITPOINT WARNING * * *
You puncture Pargi!
Pargi is severely wounded.
Pargi barely misses you. Pargi claws you but does no damage. x2
It was a potion of resistance.
You feel protected.
You feel less wooden.
Your +0 cloak unmelds from your body.
Your +1 helmet unmelds from your body.
Your +1 animal skin unmelds from your body.
Pargi closely misses you. x2; Pargi claws you.
* * * LOW HITPOINT WARNING * * *
Unknown command.
You feel very buoyant.
You fly up into the air.
Pargi hisses menacingly.
Pargi bites you.
You die...

######≈#≈## ≈##
#≈≈≈#≈≈≈≈≈##≈≈####
≈≈≈≈≈≈≈≈≈≈≈≈≈≈≈≈≈##
≈≈≈≈≈≈≈≈≈≈≈≈≈≈≈≈≈≈##
≈≈≈≈≈≈≈≈≈≈≈≈≈≈≈≈≈≈≈##
≈≈≈≈≈≈≈≈≈≈≈≈≈≈≈≈≈≈≈≈###
≈≈≈≈≈≈≈≈≈≈≈≈≈≈≈≈≈≈≈≈≈≈#
≈≈≈≈≈≈≈@~.~≈≈≈≈≈≈≈≈≈≈≈##
≈≈≈≈≈.T####~~≈≈≈≈≈≈≈≈≈≈#
≈≈≈..## #...≈≈≈≈≈≈≈≈≈#
≈~~. ###..~≈≈≈≈≈≈≈≈ ~##
###..≈≈≈≈≈≈≈ ###.≈≈≈≈≈≈
#.~≈≈≈≈≈ #.~≈≈≈≈≈
#~≈≈≈≈≈≈


You could see Pargi.

Vanquished Creatures
  Natasha (thrice) (D:3)
  An iguana (D:3)
  Robin (D:3)
  3 gnolls (D:3)
  3 adders
  A worm (D:2)
  A dart slug (D:2)
  An orc (D:3)
  4 ball pythons (D:1)
  5 endoplasms
  13 giant cockroaches
  7 goblins
  6 hobgoblins
  8 jackals
  4 kobolds
  2 quokkas
  3 bats (D:2)
  4 frilled lizards
  7 rats
77 creatures vanquished.

Vanquished Creatures (others)
  7 fungi (D:4)
  8 plants (D:3)
15 creatures vanquished.

Grand Total: 92 creatures vanquished

Notes
Turn   | Place    | Note
-------+----------+-------------------------------------------
     0 | D:1      | MachoJfn the Demonspawn Berserker began the quest for the
                  | Orb.
     0 | D:1      | Reached XP level 1. HP: 18/18 MP: 1/1
   170 | D:1      | You fall into a shaft and drop 1 floor!
   243 | D:2      | Gained mutation: Your demonic aura sometimes causes spilled
                  | blood to erupt in flames. [demonic ancestry]
   243 | D:2      | Reached XP level 2. HP: 8/24 MP: 2/2
   255 | D:2      | HP: 1/24 [jackal (2)]
  1726 | D:1      | Found a faded altar of an unknown god.
  1756 | D:1      | Gained mutation: You sometimes gain a little power by
                  | taking damage. [demonic ancestry]
  1756 | D:1      | Reached XP level 3. HP: 29/29 MP: 3/3
  1931 | D:2      | Reached skill level 1 in Stealth
  1954 | D:2      | Reached ** piety under Trog
  3194 | D:2      | Gained mutation: Your demonic aura often causes spilled
                  | blood to erupt in flames. [demonic ancestry]
  3194 | D:2      | Reached XP level 4. HP: 25/37 MP: 4/4
  3329 | D:3      | Noticed Natasha
  3676 | D:3      | Reached XP level 5. HP: 42/42 MP: 5/5
  3719 | D:3      | Noticed Robin
  3758 | D:3      | Killed Robin
  4066 | D:3      | Killed Natasha
  4229 | D:3      | Noticed Natasha
  4235 | D:3      | Killed Natasha
  4287 | D:3      | Noticed Natasha
  4602 | D:3      | Killed Natasha
  5033 | D:4      | Found a glowing drain.
  5037 | D:4      | Noticed Eustachio
  5043 | Sewer    | Entered a sewer
  5062 | Sewer    | Noticed Pargi
  5117 | Sewer    | HP: 2/42 [Pargi (1)]
  5118 | Sewer    | Slain by Pargi

Illustrated notes

Levels and vault maps discovered:
D:1:      onia_arrival_handbag, layout_basic,
          hellmonk_ecumenical_altar_inner_sanctum, minmay_domino_2
D:2:      minmay_roachtagon, layout_basic, kennysheep_generic_room_3
D:3:      layout_loops_ring, nicolae_elyvilon_temple_path, grunt_ministairs_1,
          minmay_misc_feat_rows, uniq_natasha, uniq_robin
D:4:      layout_basic, mainiacjoe_overflow_small_starburst, serial_aquarium,
          aquarium_bridge_straight [aquarium_subvault_bridge,
          aquarium_subvault_balcony, aquarium_subvault_bridge,
          aquarium_subvault_window], aquarium_window_3, aquarium_window_corner,
          aquarium_window_fake, aquarium_view_2e, aquarium_balcony_double_1,
          portal_sewer_entry_a, uniq_eustachio
Sewer:    sewer_co_pargi_island

Skill      XL: |  1  2  3  4  5 |
---------------+----------------+-----
Dodging        | 2 3 |  3.2
Polearms       | 3 4 |  4.1
Stealth        | 1 2 |  2.0
Fighting       | 4 |  4.1
Armour         | |  1.8

Action                   |  1- 3 |  4- 6 || total
-------------------------+-------+-------++-------
Melee: Spear             |   188 |   218 ||   406
       Punch             |     3 |     5 ||     8
  Use: Scroll            |     7 |     4 ||    11
       Potion            |     1 |     8 ||     9
 Stab: Sleeping          |     3 |     2 ||     5
Armor: Animal skin       |    57 |    67 ||   124
       Skin              |       |    73 ||    73
Dodge: Dodged            |   145 |   145 ||   290

Table legend: (Time is in decaauts)
 A = Elapsed time spent in this place.
 B = Non-inter-level travel time spent in this place.
 C = Inter-level travel time spent in this place.
 D = Time resting spent in this place.
 E = Time spent auto-exploring this place.
 F = Levels seen in this place.
 G = Mean time per level.
                   A        B        C        D        E       F      G
               +--------+--------+--------+--------+--------+-----+--------+
         Total |   5121 |   2566 |   2555 |   1315 |    359 |   5 | 1024.2 |
       Dungeon |   5047 |   2492 |   2555 |   1315 |    359 |   4 | 1261.8 |
         Sewer |     74 |     74 |      0 |      0 |      0 |   1 |   74.0 |
               +--------+--------+--------+--------+--------+-----+--------+

Top non-repeatable levels by time:
     D:2: 1836 daAuts
     D:3: 1750 daAuts
     D:1: 1372 daAuts
     D:4: 88 daAuts
   Sewer: 74 daAuts
